 Dungeon Crawl Stone Soup version 0.29.1-15-g9cfb28693d (webtiles) character file.

Game seed: 1503401505107616755

20 dudediamond6 the Magician (level 2, -5/23 HPs)
             Began as a Gnoll Wanderer on Feb 25, 2023.
             Slain by a hobgoblin (6 damage)
             ... led by Robin
             ... on level 2 of the Dungeon.
             The game lasted 00:01:29 (449 turns).

dudediamond6 the Magician (Gnoll Wanderer)           Turns: 449, Time: 00:01:29

Health: -5/23      AC:  4    Str: 11    XL:     2   Next: 79%
Magic:  0/7        EV: 11    Int: 10    God:
Gold:   31         SH:  0    Dex: 12    Spells: 9/10 levels left

rFire   . . .      SeeInvis .   a - +2 quarterstaff
rCold   . . .      Faith    .   (shield currently unavailable)
rNeg    . . .      Spirit   .   d - +0 leather armour
rPois   .          Reflect  .   (no helmet)
rElec   .          Harm     .   (no cloak)
rCorr   .          Rampage  .   (no gloves)
Will    .....                   b - +0 pair of boots
Stlth   ++........              (no amulet)
HPRegen 0.07/turn               (no ring)
MPRegen 0.10/turn               (no ring)

@: no status effects
A: fangs 1, strong nose, distributed training
a: no special abilities


You were on level 2 of the Dungeon.
You visited 1 branch of the dungeon, and saw 2 of its levels.

You collected 31 gold pieces.

Inventory:

Hand Weapons
 a - a +2 quarterstaff (weapon)
Armour
 b - a +0 pair of boots (worn)
 d - a +0 leather armour (worn)
Scrolls
 c - a scroll of fear
 e - 2 scrolls of identify {unknown}
 h - a scroll of fog {unknown}
Potions
 f - a potion of heal wounds {unknown}
 g - 2 potions of mutation {unknown}


   Skills:
 + Level 2.5 Fighting
 + Level 0.5 Short Blades
 + Level 0.5 Long Blades
 + Level 0.5 Axes
 + Level 0.5 Maces & Flails
 + Level 0.5 Polearms
 + Level 4.5 Staves
 + Level 0.5 Ranged Weapons
 + Level 0.5 Throwing
 + Level 2.5 Armour
 + Level 0.5 Dodging
 + Level 2.3 Stealth
 + Level 0.5 Shields
 + Level 0.5 Unarmed Combat
 + Level 4.9 Spellcasting
 + Level 0.4 Conjurations
 + Level 0.4 Hexes
 + Level 0.4 Summonings
 + Level 3.7 Necromancy
 + Level 0.4 Translocations
 + Level 0.4 Transmutations
 + Level 0.4 Fire Magic
 + Level 0.4 Ice Magic
 + Level 0.4 Air Magic
 + Level 0.4 Earth Magic
 + Level 0.4 Poison Magic
 + Level 0.7 Invocations
 + Level 2.5 Evocations


You had 9 spell levels left.
You knew the following spells:

 Your Spells              Type           Power      Damage    Failure   Level
a - Necrotise             Necr           36%        1d5       7%          1

Your spell library contained the following spells:

 Spells                   Type           Power      Damage    Failure   Level
 Vampiric Draining        Necr           9%         2d6       21%         3
 Portal Projectile        Hex/Tloc       6%         N/A       61%         3
 Tukima's Dance           Hex            3%         N/A       61%         3
 Blade Hands              Tmut           1%         N/A       100%        5


Dungeon Overview and Level Annotations

Branches:
Dungeon (1/15)

Altars:

Annotations:
D:2 Robin


Innate Abilities, Weirdness & Mutations

You have very sharp teeth.
Your uncanny sense of smell can sniff out nearby items.
Your experience applies equally to all skills.


Message History

The goblin hits you with a +0 club. The goblin barely misses you.
The hobgoblin hits you.
Unknown command.
You closely miss the goblin.
The goblin is severely wounded.
The goblin barely misses you. The hobgoblin closely misses you.
The goblin hits you with a +0 dagger.
A hobgoblin comes into view.
Robin barely misses your goblin skeleton.
Your goblin skeleton hits the goblin.
The goblin dies!
You are too injured to fight recklessly!
You are too injured to fight recklessly!
You are too injured to fight recklessly!
You closely miss the goblin. The goblin misses you.
Robin hits your goblin skeleton with a +0 dagger.
Your goblin skeleton barely misses Robin.
You hit the goblin.
The goblin is severely wounded.
The goblin hits you with a +0 club.
The goblin hits your goblin skeleton with a +0 club.
A hobgoblin comes into view.
Your goblin skeleton hits Robin but does no damage.
Casting: Necrotise (safe; 7% risk of failure)
Confirm with . or Enter, or press ? or * to list all spells.
Aiming: Necrotise (safe; 7% risk of failure)
Press: ? - help, Shift-Dir - straight line, f - goblin
Aim: a goblin, wielding a +0 club (severely wounded, strong, chance to affect: 76%)
The goblin writhes in agony.
The goblin hits you with a +0 club.
* * * LOW HITPOINT WARNING * * *
The hobgoblin hits you.
* * * LOW HITPOINT WARNING * * *
The goblin barely misses your goblin skeleton.
Robin hits you with a +0 dagger.
* * * LOW HITPOINT WARNING * * *
You sock the goblin!
You kill the goblin!
Your goblin skeleton hits Robin but does no damage.
The hobgoblin hits you.
You die...

## #.....##
#.###......###########
#....†............#...
#..#.#####.######.....
##...# #............
##..## ##########...
#...# #... #...#)##
#... #.###@g# ##.. #.
##gZ# #(. # #gg# #..
#.# ∆ ... .g. .## .#


You could see Robin (ally target), 3 hobgoblins, a goblin (strong) and a
friendly goblin skeleton.

Vanquished Creatures
  A worm (D:2)
  A dart slug (D:1)
  3 hobgoblins
  A ball python (D:2)
  A frilled lizard (D:1)
  6 goblins (D:2)
  2 rats (D:2)
15 creatures vanquished.

Vanquished Creatures (collateral kills)
  A goblin (D:2)
1 creature vanquished.

Grand Total: 16 creatures vanquished

Notes
Turn   | Place    | Note
-------+----------+-------------------------------------------
     0 | D:1      | dudediamond6 the Gnoll Wanderer began the quest for the
                  | Orb.
     0 | D:1      | dudediamond6 set off with the following items: a +2
                  | quarterstaff, a +0 pair of boots, a scroll of fear, a +0
                  | leather armour; and the following spell memorised:
                  | Necrotise; and the following spells available to memorise:
                  | Vampiric Draining.
     0 | D:1      | Reached XP level 1. HP: 17/17 MP: 6/6
     6 | D:1      | Noticed a snapping turtle
     6 | D:1      | Noticed a water moccasin
     6 | D:1      | Noticed a polar bear
     7 | D:1      | Noticed a swamp worm
     7 | D:1      | Noticed a wolf
   236 | D:1      | You fall into a shaft and drop 1 floor!
   259 | D:2      | Reached XP level 2. HP: 23/23 MP: 7/7
   440 | D:2      | Noticed Robin
   448 | D:2      | HP: 1/23 [Robin/+0 dagger (1)]
   449 | D:2      | Slain by a hobgoblin

Illustrated notes

Levels and vault maps discovered:
D:1:      onia_arrival_zoo_common, layout_basic, grunt_decor_junction,
          serial_park_tiny_pond, fountainhead, nicolae_titane
D:2:      layout_rooms, chequers_ecumenical_altar_simple_redux,
          grunt_ministairs_10, corexii_shack, uniq_robin, uniq_sigmund,
          uniq_natasha

Action                   || total
-------------------------++-------
Melee: Quarterstaff      ||    24
       Bite              ||     5
 Cast: Necrotise         ||    11
Armor: Leather armour    ||    12
Dodge: Dodged            ||    18
